 Dungeon Sprint DCSS version 0.19.4-8-ga85b6b9 (webtiles) character file.

6900000 protoss039 the Conqueror (level 27, -13/272 (273) HPs)
             Began as a Ghoul Warper on Feb 13, 2017.
             Was the Champion of Makhleb.
             Mangled by The Servant
             ... wielding a +9 glaive of flaming
              (59 damage)
             ... in the Dungeon (Sprint VIII: "Arena of Blood").
             The game lasted 00:02:35 (69 turns).

protoss039 the Conqueror (Ghoul Warper)               Turns: 69, Time: 00:02:36

HP:   -13/272 (273) AC:  6    Str: 28    XL:     27
MP:   18/53         EV: 24    Int:  8    God:    Makhleb [******]
Gold: 0             SH:  0    Dex:  8    Spells: 0 memorised, 80 levels left

rFire  . . .     SeeInvis .     k - +∞ Axe of Woe
rCold  + . .     Gourm    .     a - +0 leather armour
rNeg   + + +     Faith    .     (shield currently unavailable)
rPois  ∞         Spirit   .     (no helmet)
rElec  .         Reflect  .     (no cloak)
rCorr  .         Harm     .     (no gloves)
MR     ++...     NoTele   +     (no boots)
Stlth  +++++++++.               (no amulet)
                                (no ring)
                                (no ring)

@: rotting
A: rotting body, claws 1, carnivore 3, cold resistance 1, negative energy
resistance 3, slow regeneration 1, torment resistance, unbreathing
a: Minor Destruction, Lesser Servant of Makhleb, Major Destruction, Greater
Servant of Makhleb, Renounce Religion


You were in the Dungeon.
You worshipped Makhleb.
Makhleb was exalted by your worship.
You were not hungry.

You visited 1 branch

Inventory:

Hand Weapons
 k - the +∞ Axe of Woe (weapon)
   (You found it in the Dungeon)
Missiles
 d - 5 tomahawks of dispersal (quivered)
Armour
 a - a +0 leather armour (worn)
Scrolls
 c - 2 scrolls of blinking
Potions
 e - a potion of curing
 g - a potion of heal wounds
 h - a potion of haste
 i - 2 potions of magic
 j - a potion of berserk rage
Books
 b - a book of Spatial Translocations

   Spells                             Type                      Level
   a - Blink                          Translocation                2
   b - Shroud of Golubria             Charms/Translocation         2
   c - Lesser Beckoning               Translocation                3
   d - Portal Projectile              Translocation                3
   e - Teleport Other                 Translocation                3
   f - Passage of Golubria            Translocation                4
Comestibles
 f - a meat ration


   Skills:
 O Level 27 Fighting
 O Level 27 Axes
 O Level 27 Throwing
 O Level 27 Armour
 O Level 27 Dodging
 O Level 27 Stealth
 O Level 27 Unarmed Combat
 O Level 27 Spellcasting
   Level 2.6 Translocations
 O Level 27 Invocations


You had 80 spell levels left.
You didn't know any spells.

Dungeon Overview and Level Annotations

Branches:
Dungeon (1/1)

Altars:
Makhleb

Annotations:
D The Servant


Innate Abilities, Weirdness & Mutations

Your body is rotting away.
You thrive on raw meat.
You are immune to poison.
You have sharp fingernails.
You are carnivorous and can eat meat at any time.
Your flesh is cold resistant. (rC+)
You are immune to negative energy. (rN+++)
You regenerate slowly when monsters are visible.
You are immune to unholy pain and torment.
You can survive without breathing.


Message History

The meat beast completely misses you. The meat beast tramples you!
* * * LOW HITPOINT WARNING * * *
You hold your ground!
The meat berserker is engulfed in roaring flames.
You hear a shout!
The destroyer is engulfed in roaring flames.
The destroyer completely misses you.
The destroyer bites you but does no damage.
The bag of meat is engulfed in roaring flames.
The meat beast is engulfed in roaring flames.
The meat beast bites you!
* * * LOW HITPOINT WARNING * * *
The meat beast tramples you!
* * * LOW HITPOINT WARNING * * *
You hold your ground!
You hear a shout!
The destroyer blinks!
The Servant is engulfed in roaring flames.
The Servant hits you with a +9 glaive of flaming!!!
You die...

... .. #... ..# .
#§.. ..# ..###...
§.###.
...V..###%..%..
..%o._%%.%%. o
#.M.%x# ...
#oV2x_# .
M...§#§@§§.#....
#..ooCO@o_§......
.o%%.o§§###%.....
..z###.X. .%###.
.. #... ..# #o...
o# ..... ..
....... .% ....


You could see an accursed, a meat beast, The Servant, 2 destroyers, a sculptor
of flesh, a large bag of meat (inner flame), a large abomination (wandering), a
meat berserker (berserk), a small abomination, 8 bags of meat and a crawling
corpse.

Vanquished Creatures
  A hell beast (D)
  2 greater mummies (D)
  8 vampire knights (D)
  27 ogres (D)
  A lich (D)
  32 orcs (D)
  5 hill giants (D)
  4 skeletal warriors (D)
  4 large abominations (D)
  4 small abominations (D)
  5 crawling corpses (D)
93 creatures vanquished.

Vanquished Creatures (others)
  3 crawling corpses (D)
3 creatures vanquished.

Grand Total: 96 creatures vanquished

Notes
Turn   | Place    | Note
-------+----------+-------------------------------------------
     0 | D        | protoss039 the Ghoul Warper began the quest for the Orb.
     0 | D        | Reached XP level 1. HP: 17/17 MP: 2/2
     3 | D        | Became a worshipper of Makhleb the Destroyer
     4 | D        | Noticed a bag of meat
    10 | D        | Noticed a bag of meat
    10 | D        | Killed a bag of meat
    10 | D        | Reached XP level 2. HP: 47/47 MP: 2/15
    10 | D        | Reached XP level 3. HP: 53/53 MP: 2/17
    10 | D        | Reached XP level 4. HP: 61/61 MP: 2/18
    10 | D        | Reached XP level 5. HP: 68/68 MP: 2/20
    10 | D        | Reached XP level 6. HP: 75/75 MP: 2/21
    10 | D        | Reached XP level 7. HP: 82/82 MP: 2/23
    10 | D        | Reached XP level 8. HP: 90/90 MP: 2/24
    10 | D        | Reached XP level 9. HP: 96/96 MP: 2/25
    10 | D        | Reached XP level 10. HP: 104/104 MP: 2/26
    10 | D        | Reached XP level 11. HP: 111/111 MP: 2/27
    10 | D        | Reached XP level 12. HP: 118/118 MP: 2/28
    11 | D        | Killed a bag of meat
    11 | D        | Reached * piety under Makhleb
    11 | D        | Reached skill level 5 in Throwing
    11 | D        | Reached skill level 5 in Armour
    11 | D        | Reached skill level 15 in Spellcasting
    11 | D        | Reached XP level 13. HP: 104/130 MP: 2/31
    12 | D        | Noticed a meat berserker
    12 | D        | Noticed a meat berserker
    12 | D        | Killed a meat berserker
    12 | D        | Reached skill level 5 in Axes
    12 | D        | Reached XP level 14. HP: 118/146 MP: 2/35
    13 | D        | Noticed a bag of meat
    13 | D        | Noticed a bag of meat
    13 | D        | Noticed a bag of meat
    14 | D        | Noticed a bag of meat
    14 | D        | Noticed a bag of meat
    15 | D        | Noticed a meat berserker
    15 | D        | Noticed a bag of meat
    15 | D        | Noticed a meat berserker
    15 | D        | Noticed a bag of meat
    15 | D        | Noticed a meat berserker
    15 | D        | Killed a meat berserker
    15 | D        | Reached XP level 15. HP: 157/157 MP: 3/38
    17 | D        | Killed a meat berserker
    17 | D        | Reached ** piety under Makhleb
    17 | D        | Reached skill level 10 in Axes
    17 | D        | Reached XP level 16. HP: 155/169 MP: 4/40
    18 | D        | Noticed a meat berserker
    18 | D        | Noticed a large bag of meat
    18 | D        | Reached XP level 17. HP: 166/180 MP: 4/42
    19 | D        | Killed a meat berserker
    19 | D        | Reached *** piety under Makhleb
    19 | D        | Killed a meat berserker
    19 | D        | Reached XP level 18. HP: 195/195 MP: 5/46
    19 | D        | Killed a meat berserker
    20 | D        | Noticed a meat berserker
    20 | D        | Reached **** piety under Makhleb
    20 | D        | Reached skill level 27 in Fighting
    20 | D        | Reached XP level 19. HP: 207/207 MP: 5/48
    20 | D        | Reached skill level 10 in Throwing
    20 | D        | Reached skill level 27 in Spellcasting
    21 | D        | Reached skill level 27 in Unarmed Combat
    23 | D        | Noticed a meat berserker
    23 | D        | Killed a large bag of meat
    24 | D        | Noticed a destroyer
    24 | D        | Noticed a meat berserker
    25 | D        | Noticed a destroyer
    25 | D        | Reached ***** piety under Makhleb
    25 | D        | Reached skill level 5 in Stealth
    25 | D        | Killed a destroyer
    25 | D        | Reached skill level 27 in Axes
    25 | D        | Reached skill level 27 in Dodging
    25 | D        | Reached XP level 20. HP: 144/216 MP: 7/50
    26 | D        | Reached skill level 15 in Throwing
    26 | D        | Reached skill level 15 in Armour
    28 | D        | Noticed a meat berserker
    28 | D        | Killed a meat berserker
    28 | D        | Reached XP level 21. HP: 152/224 MP: 8/51
    28 | D        | Killed a destroyer
    28 | D        | Killed a meat berserker
    28 | D        | Reached XP level 22. HP: 228/233 MP: 8/52
    28 | D        | Reached ****** piety under Makhleb
    30 | D        | Reached skill level 27 in Throwing
    30 | D        | Reached skill level 27 in Armour
    31 | D        | Reached skill level 27 in Stealth
    31 | D        | Reached XP level 23. HP: 240/240 MP: 8/53
    33 | D        | Reached skill level 27 in Invocations
    34 | D        | Reached XP level 24. HP: 249/249 MP: 9/53
    35 | D        | Noticed a destroyer
    39 | D        | Noticed a destroyer
    39 | D        | Reached XP level 25. HP: 256/256 MP: 10/53
    41 | D        | Noticed a destroyer
    41 | D        | Killed a destroyer
    42 | D        | Noticed a destroyer
    42 | D        | Reached XP level 26. HP: 265/265 MP: 11/53
    42 | D        | Killed a destroyer
    45 | D        | Killed a destroyer
    45 | D        | Reached XP level 27. HP: 272/272 MP: 12/53
    48 | D        | Noticed a tyrant
    49 | D        | Noticed an accursed
    49 | D        | Noticed an accursed
    50 | D        | Noticed The Servant
    52 | D        | Noticed a destroyer
    52 | D        | Killed a destroyer
    55 | D        | Noticed a destroyer
    58 | D        | Killed a destroyer
    58 | D        | Killed a destroyer
    59 | D        | Noticed a meat beast
    59 | D        | Noticed an accursed
    59 | D        | Killed a tyrant
    60 | D        | Killed an accursed
    61 | D        | Killed an accursed
    62 | D        | Noticed a meat beast
    65 | D        | Noticed a destroyer
    65 | D        | Killed a meat beast
    67 | D        | Noticed a destroyer
    67 | D        | Noticed a meat beast
    69 | D        | Mangled by The Servant

Skill      XL: |  1  2  3  4  5  6  7  8  9 10 11 12 13 14 15 16 17 18 19 20 21 22 23 |
---------------+----------------------------------------------------------------------+-----
Fighting       | 14 16 19 20 22 23 25 27 | 27.0
Throwing       | 4 5 6 7 8 9 13 20 25 27 | 27.0
Armour         | 4 5 6 7 8 12 19 24 27 | 27.0
Dodging        | 12 14 16 18 19 20 22 23 27 | 27.0
Unarmed Combat | 14 16 19 20 22 23 24 26 27 | 27.0
Spellcasting   | 13 15 18 20 21 22 25 26 27 | 27.0
Axes           | 2 5 8 10 12 16 19 27 | 27.0
Stealth        | 9 17 22 27 | 27.0
Invocations    | 14 27 | 27.0
Translocations | |  2.6

Action                   |  1- 3 |  4- 6 |  7- 9 | 10-12 | 13-15 | 16-18 | 19-21 | 22-24 | 25-27 || total
-------------------------+-------+-------+-------+-------+-------+-------+-------+-------+-------++-------
Melee: Executioner's axe |     1 |       |       |     1 |     3 |     3 |     5 |    10 |    24 ||    47
Invok: Greater Servant o |       |       |       |       |       |       |       |       |     1 ||     1
Armor: Leather armour    |       |       |       |       |       |       |       |       |     1 ||     1
Dodge: Dodged            |       |       |       |       |       |       |       |       |     3 ||     3
